 Dungeon Crawl Stone Soup version 0.28.0-49-g6dfe1f597d (webtiles) character file.

Game seed: 3334430636892358310

886 Atelerd the Digger (level 8, -4/70 HPs)
             Began as an Octopode Earth Elementalist on May 15, 2022.
             Was an Initiate of Sif Muna.
             Killed from afar by Maggie (12 damage)
             ... with a bolt of fire
             ... on level 6 of the Dungeon.
             The game lasted 00:08:43 (7532 turns).

Atelerd the Digger (Octopode Earth Elementalist)    Turns: 7532, Time: 00:08:43

Health: -4/70      AC: 24    Str:  7    XL:     8   Next: 5%
Magic:  15/15      EV:  2    Int: 19    God:    Sif Muna [......]
Gold:   951        SH:  0    Dex: 13    Spells: 8/16 levels left

rFire   . . .      SeeInvis +   C - +3 dagger (freeze)
rCold   . . .      Faith    .   (no shield)
rNeg    . . .      Spirit   .   (helmet currently unavailable)
rPois   +          Reflect  .   (no amulet)
rElec   .          Harm     .   i - ring of willpower
rCorr   .          Rampage  .   d - ring of see invisible
Will    +....      NoTele   +   (no ring)
Stlth   +.........              (no ring)
HPRegen 0.21/turn               (no ring)
MPRegen 0.14/turn               (no ring)
                                (no ring)
                                (no ring)

@: confused, tree-form, ambrosia-drunk, invisible
A: stationary, stasis, torment immunity, boosted hp, almost no armour,
(amphibious), 8 rings, (camouflage 1), (gelatinous body 1), (nimble swimmer 1),
(tentacles)
a: Renounce Religion


You were on level 6 of the Dungeon.
You worshipped Sif Muna.
Sif Muna was noncommittal.
You were a tree.
You visited 2 branches of the dungeon, and saw 7 of its levels.

You collected 1571 gold pieces.
You spent 620 gold pieces at shops.

Inventory:

Hand Weapons
 a - a +2 dagger of draining
 k - a +0 dagger
 B - a +3 short sword
 C - a +3 dagger of freezing (weapon)
Missiles
 r - 75 stones
Magical Staves
 b - a staff of earth
Jewellery
 d - a ring of see invisible (right branch)
 i - a ring of willpower (left branch)
 m - a ring of flight
Wands
 p - a wand of iceblast (9)
 y - a wand of polymorph (6)
Scrolls
 f - a scroll of noise
 g - a scroll of immolation
 h - 12 scrolls of teleportation
 l - a scroll of silence
 n - a scroll of enchant armour
 o - a scroll of fear
 q - 2 scrolls of magic mapping
 v - 2 scrolls of blinking
 z - 2 scrolls of identify
 A - a scroll of summoning {unknown}
Potions
 c - a potion of attraction
 e - 8 potions of curing
 j - 2 potions of magic
 w - a potion of haste {unknown}
 D - a potion of brilliance {unknown}


   Skills:
 - Level 0.4 Fighting
 - Level 0.3 Short Blades
 - Level 2.0 Dodging
 + Level 5.2 Stealth
 - Level 0.4 Unarmed Combat
 + Level 4.6 Spellcasting
 * Level 4.6 Transmutations
 + Level 5.5 Earth Magic


You had 8 spell levels left.
You knew the following spells:

 Your Spells              Type           Power      Damage    Failure   Level
a - Sandblast             Erth           50%        2d12      1%          1
p - Petrify               Tmut/Erth      23%        N/A       16%         4
r - Stone Arrow           Conj/Erth      28%        3d8       12%         3

Your spell library contained the following spells:

 Spells                   Type           Power      Damage    Failure   Level
 Passwall                 Tmut/Erth      19%        N/A       2%          2
 Portal Projectile        Hex/Tloc       8%         N/A       36%         3
 Blade Hands              Tmut           11%        N/A       45%         5
 Excruciating Wounds      Necr           2%         N/A       98%         5


Dungeon Overview and Level Annotations

Branches:
Dungeon (6/15)             Temple (1/1) D:5

Altars:
Dithmenos
Elyvilon
Gozag
Hepliaklqana
Kikubaaqudgha
Nemelex Xobeh
Ru
Sif Muna
Wu Jian
Yredelemnul

Shops:
D:2 *!?[(

Annotations:
D:3 exclusion: 2 downstairs
D:4 Dowan, Duvessa
D:5 1 runed translucent door, Crazy Yiuf
D:6 Maggie


Innate Abilities, Weirdness & Mutations

You are a tree.
Your roots penetrate the ground, keeping you stationary.
You cannot be teleported.
You are immune to unholy pain and torment.
Your maximum health is greatly increased.
You cannot wear most types of armour.
((You are amphibious.))
You can wear up to eight rings at the same time.
((Your skin changes colour to match your surroundings (Stealth+).))
((Your rubbery body absorbs attacks. (AC +1, EV +1)))
((You are camouflaged when in or above water. (Stealth+)))
((You have tentacles for arms and can constrict up to eight enemies at once.))


Message History

You constrict Maggie, but do no damage.
Maggie is no longer petrified.
Maggie hits you with the +9 lance "Wyrmbane" {slay drac, rPois rF+ rC+ AC+3}!
You hit Maggie but do no damage.
Maggie is moderately wounded.
You constrict Maggie.
Maggie hits you with the +9 lance "Wyrmbane" {slay drac, rPois rF+ rC+ AC+3}!
Unknown command.
Casting: Petrify (quite dangerous; 16% risk of failure)
Confirm with . or Enter, or press ? or * to list all spells.
Aiming: Stone Arrow (dangerous; 12% risk of failure)
Press: ? - help, Shift-Dir - straight line, f/p - Maggie
Aim: Maggie, wielding the +9 lance "Wyrmbane" {slay drac, rPois rF+ rC+ AC+3} and wearing +0 acid dragon scales (moderately wounded, constricted by you, 100% to hit)
The stone arrow hits Maggie!!
Maggie is severely wounded.
You constrict Maggie.
Maggie points at you and mumbles some strange words.
The bolt of fire hits you!!
Ouch! That really hurt!
* * * LOW HITPOINT WARNING * * *
You feel much better.
You constrict Maggie.
Maggie hits you with the +9 lance "Wyrmbane" {slay drac, rPois rF+ rC+ AC+3}!
* * * LOW HITPOINT WARNING * * *
Really quaff the potion of lignification?
You turn into a tree.
Your roots penetrate the ground.
You lose your grip on Maggie.
Maggie hits you with the +9 lance "Wyrmbane" {slay drac, rPois rF+ rC+ AC+3}!
* * * LOW HITPOINT WARNING * * *
Unknown command.
You fade into invisibility!
Maggie hits you with the +9 lance "Wyrmbane" {slay drac, rPois rF+ rC+ AC+3}.
* * * LOW HITPOINT WARNING * * *
Unknown command.
You are confused.
You feel invigorated.
Maggie hits you with the +9 lance "Wyrmbane" {slay drac, rPois rF+ rC+ AC+3}!
* * * LOW HITPOINT WARNING * * *
Unknown command.
Maggie gestures at you while chanting. The bolt of fire hits you!
You die...

........#......#
........'......#.)...#
###..####..##..#.....#
..#..####..##..#.....#
..'..#.[.......#.....#
..#..#.........#!....#
..#..#.........#.....#
..#####....##..#@....#
.....##...<##..#♣....#
.....+.....#...'.....#
.....#.....#...#.....#
.....#.....#...#.....#
.....#.....#...#.....#
.....#....>#...#.....#
.....#.....##..#.....#
.....#..<..##..#.....#
.....#......+..#.....#


You could see Maggie.

Vanquished Creatures
  An ogre (D:5)
  Blork the orc (D:5)
  A bullfrog (D:6)
  2 water moccasin skeletons (D:5)
  4 wights
  A jelly (D:6)
  An orc priest (D:5)
  An iguana (D:6)
  A scorpion zombie (D:5)
  An orc wizard (D:5)
  2 hound zombies
  5 gnolls
  6 adders
  A howler monkey skeleton (D:4)
  2 ufetubi
  2 adder skeletons (D:4)
  3 worms
  5 dart slugs
  7 orcs
  12 ball pythons
  4 bats
  7 endoplasms
  3 giant cockroaches
  10 goblins
  5 hobgoblins
  11 kobolds
  6 quokkas
  6 frilled lizards
  8 rats
119 creatures vanquished.

Vanquished Creatures (others)
  A fungus (D:5)
1 creature vanquished.

Grand Total: 120 creatures vanquished

Notes
Turn   | Place    | Note
-------+----------+-------------------------------------------
     0 | D:1      | Atelerd the Octopode Earth Elementalist began the quest for
                  | the Orb.
     0 | D:1      | Reached XP level 1. HP: 11/11 MP: 3/3
   290 | D:1      | Reached XP level 2. HP: 17/17 MP: 1/5
  1096 | D:1      | Reached XP level 3. HP: 17/21 MP: 3/6
  1583 | D:2      | Found Wicipnoc's Distillery.
  1583 | D:2      | Found Hisum's Assorted Antiques.
  1583 | D:2      | Found Ocim's Magic Scroll Shop.
  1585 | D:2      | Bought a potion of curing for 39 gold pieces
  1588 | D:2      | Bought a scroll of noise for 10 gold pieces
  1975 | D:2      | Bought a scroll of identify for 20 gold pieces
  2037 | D:2      | Noticed a black bear
  2086 | D:2      | Reached XP level 4. HP: 23/27 MP: 6/8
  2207 | D:2      | Found Maaddo's Armour Shop.
  2311 | D:2      | Found a faded altar of an unknown god.
  2574 | D:2      | Found Qiff's Weapon Shop.
  3346 | D:3      | Reached XP level 5. HP: 31/31 MP: 10/10
  3433 | D:3      | Learned a level 4 spell: Petrify
  3515 | D:3      | Learned a level 3 spell: Stone Arrow
  3969 | D:2      | Bought a potion of lignification for 39 gold pieces
  3969 | D:2      | Bought a potion of curing for 39 gold pieces
  3969 | D:2      | Bought a potion of curing for 39 gold pieces
  3972 | D:2      | Bought a scroll of identify for 20 gold pieces
  3974 | D:2      | Identified a scroll of acquirement
  3976 | D:2      | Acquired 1248 gold pieces
  3978 | D:2      | Bought a scroll of fear for 35 gold pieces
  3978 | D:2      | Bought a scroll of magic mapping for 35 gold pieces
  3981 | D:2      | Bought a potion of invisibility for 104 gold pieces
  3981 | D:2      | Bought a potion of curing for 39 gold pieces
  3985 | D:2      | Bought a sapphire potion for 21 gold pieces
  3985 | D:2      | Bought a scroll of blinking for 180 gold pieces
  4169 | D:4      | Noticed Duvessa
  4190 | D:4      | Noticed Dowan
  4890 | D:5      | Entered Level 5 of the Dungeon
  5146 | D:5      | Reached XP level 6. HP: 37/37 MP: 9/11
  5771 | D:5      | Noticed Blork the orc
  5817 | D:5      | Killed Blork the orc
  5818 | D:5      | Reached XP level 7. HP: 42/42 MP: 9/13
  5864 | D:5      | Found a staircase to the Ecumenical Temple.
  5870 | D:5      | Reached skill level 5 in Earth Magic
  5880 | Temple   | Entered the Ecumenical Temple
  6036 | Temple   | Became a worshipper of Sif Muna the Loreminder
  6491 | D:5      | Found a runed translucent door.
  6492 | D:5      | Noticed Crazy Yiuf
  7245 | D:6      | Reached skill level 5 in Stealth
  7342 | D:6      | Reached XP level 8. HP: 35/47 MP: 11/14
  7515 | D:6      | Noticed Maggie
  7532 | D:6      | Killed from afar by Maggie

Illustrated notes

Levels and vault maps discovered:
D:1:      eino_arrival_water_star, layout_loops_ring, minmay_stone_trees_small,
          minmay_misc_feat_roman
D:2:      layout_loops_ring, serial_shops, shop,
          nicolae_shop_bloodbath_and_beyond, shop, shop, nicolae_shop_stone,
          nicolae_ecumenical_snake_handling, lightli_corner_chamber
D:3:      cheibrodos_helix_gallery, layout_loops_ring, grunt_decor_resistance,
          minmay_joined_circles
D:4:      layout_basic, hangedman_decor_growths, serial_bayou_pond_b,
          st_stairs_2, chequers_serial_rivers_large_a, uniq_duvessa
D:5:      layout_loops_ring, minmay_temple_entry_fiery, minmay_misc_feat_chi,
          uniq_blork_the_orc, uniq_crazy_yiuf_cottage
D:6:      layout_gridville, uniq_maggie
Temple:   mainiacjoe_temple_trianglar_array

Skill      XL: |  1  2  3  4  5  6  7 |
---------------+----------------------+-----
Earth Magic    | 4 5 |  5.5
Spellcasting   | 3 4 |  4.6
Stealth        | 3 4 5 |  5.2
Transmutations | 2 3 4 |  4.6
Fighting       | |  0.4
Short Blades   | |  0.3
Dodging        | |  2.0
Unarmed Combat | |  0.4

Action                   |  1- 3 |  4- 6 |  7- 9 || total
-------------------------+-------+-------+-------++-------
Melee: Unarmed           |    25 |       |       ||    25
       Constrict         |     9 |    22 |     4 ||    35
       Tentacles         |     9 |    17 |     8 ||    34
       Dagger            |     7 |    68 |    23 ||    98
       Punch             |       |     1 |       ||     1
 Cast: Sandblast         |    31 |    69 |    28 ||   128
       Petrify           |       |     4 |     3 ||     7
       Stone Arrow       |       |       |     8 ||     8
  Use: Scroll            |     3 |     8 |       ||    11
       Potion            |       |       |     4 ||     4
 Stab: Sleeping          |     1 |     8 |       ||     9
       Petrified         |       |     8 |     5 ||    13
Armor: Skin              |     4 |    11 |     1 ||    16
Dodge: Dodged            |    28 |    55 |    14 ||    97
